 Dungeon Crawl Stone Soup version 0.27-a0-1219-g958d993ae5 (webtiles) character file.

Game seed: 391127367863679128

88 Shayle the Skirmisher (level 4, -3/48 HPs)
             Began as an Ogre Warper on June 7, 2021.
             Slain by a gnoll
             ... wielding a +0 whip
              (9 damage)
             ... on level 3 of the Dungeon.
             The game lasted 00:04:47 (3395 turns).

Shayle the Skirmisher (Ogre Warper)                 Turns: 3395, Time: 00:04:47

Health: -3/48      AC:  3    Str: 12 (15) XL:     4   Next: 54%
Magic:  7/7        EV: 10    Int: 14 (15) God:
Gold:   45         SH:  0    Dex:  7 (8)  Spells: 7/7 levels left

rFire    + . .     SeeInvis .   a - +0 spear
rCold    . . .     Faith    .   (no shield)
rNeg     . . .     Spirit   .   b - +0 robe
rPois    .         Reflect  .   (helmet restricted)
rElec    .         Harm     .   (no cloak)
rCorr    .         Rampage  .   (gloves unavailable)
Will     .....                  (boots unavailable)
Stlth    +.........             (no amulet)
HPRegen  0.16/turn              m - ring of protection from fire
MPRegen  0.10/turn              (no ring)

@: very slightly contaminated, invisible
A: large, unfitting armour, tough skin 1
a: no special abilities


You were on level 3 of the Dungeon.
You visited 1 branch of the dungeon, and saw 3 of its levels.

You collected 45 gold pieces.

Inventory:

Hand Weapons
 a - a +0 spear (weapon)
Missiles
 e - 4 boomerangs of dispersal (quivered)
 g - 14 poisoned darts
Armour
 b - a +0 robe (worn)
 i - a scarf of shadows
Jewellery
 m - a ring of protection from fire (left hand)
Scrolls
 d - a scroll of blinking
 f - 2 scrolls of acquirement {unknown}
 j - a scroll of vulnerability {unknown}
 k - 2 scrolls of identify {unknown}
Potions
 c - a potion of cancellation {unknown}
 l - a potion of degeneration


   Skills:
 + Level 4.1 Fighting
 + Level 3.0 Polearms
 - Level 1.0 Throwing
 + Level 3.0 Dodging
 - Level 2.4 Spellcasting
 - Level 2.6 Translocations


You had 7 spell levels left.
You didn't know any spells.
Your spell library contained the following spells:

 Spells                   Type           Power      Damage    Failure   Level
 Blink                    Tloc           N/A        N/A       12%         2
 Foxfire                  Conj/Fire      4%         2x1d4     22%         1
 Gell's Gravitas          Tloc           4%         N/A       22%         3
 Lesser Beckoning         Tloc           4%         N/A       22%         3
 Teleport Other           Tloc           9%         N/A       22%         3
 Conjure Flame            Conj/Fire      1%         6-21      56%         3
 Frozen Ramparts          Ice            2%         1d2       56%         3
 Inner Flame              Hex/Fire       1%         N/A       56%         3
 Manifold Assault         Tloc           9%         N/A       91%         5
 Ice Form                 Ice/Tmut       1%         N/A       92%         4
 Starburst                Conj/Fire      0%         8x6d3     100%        6


Dungeon Overview and Level Annotations

Branches:
Dungeon (3/15)

Altars:


Innate Abilities, Weirdness & Mutations

You are too large for most types of armour.
You have tough skin. (AC +1)


Message History

The gnoll is heavily wounded.
The gnoll hits you from afar with a +0 spear.
The gnoll hits you with a +0 whip.
You hit the gnoll.
The gnoll is heavily wounded.
The gnoll barely misses you. The gnoll hits you with a +0 whip.
You hit the gnoll but do no damage.
The gnoll is heavily wounded.
The gnoll barely misses you. The gnoll hits you with a +0 whip.
You hit the gnoll but do no damage.
The gnoll is heavily wounded.
The gnoll barely misses you. The gnoll hits you with a +0 whip.
You barely miss the gnoll.
The gnoll is heavily wounded.
The gnoll hits you from afar with a +0 spear.
The gnoll hits you with a +0 whip!
* * * LOW HITPOINT WARNING * * *
You don't know any spells.
Sorry, you're not good enough to have a special ability.
Throw: 5 boomerangs (disperse)
Press: ? - help, Q - select action, (/) - cycle Shift-Dir - straight line, f - gnoll
Aim: a gnoll, wielding a +0 whip (heavily wounded, 60% to hit)
You throw a boomerang of dispersal.
The boomerang of dispersal barely misses the gnoll.
The gnoll closely misses you. The gnoll hits you with a +0 whip.
* * * LOW HITPOINT WARNING * * *
It was a potion of degeneration.
There was something very wrong with that liquid.
You feel weakened.
You feel dopey.
You feel clumsy. The gnoll closely misses you.
The gnoll hits you with a +0 whip.
* * * LOW HITPOINT WARNING * * *
A dart slug comes into view.
It was a potion of invisibility.
You fade into invisibility!
The gnoll closely misses you. The gnoll barely misses you.
You are very lightly contaminated with residual magic.
There is an open door here.
There is an escape hatch in the floor, spattered with blood here.
The gnoll hits you with a +0 whip!
You die...

#.#....####### #.#
##.#.##.#.##############.#
............|............#
##.#.##.#w###################
#.#.# #...... #.#.# #.#####
#.#'#############.#
#...g.............#
.##....g@รท..........#
.>.........####......#
#...........# #......#
#.....#####.# #####...#
##+##.#####'###...#...#
#.#...........#...#
#.#...........#...#
#..........##...#
##..............#


You could see 2 gnolls.

Vanquished Creatures
  A gnoll (D:1)
  2 adders (D:3)
  A worm (D:2)
  A dart slug (D:1)
  2 endoplasms
  2 goblins
  7 hobgoblins
  12 jackals
  2 quokkas (D:1)
  3 ball pythons
  5 bats
  6 frilled lizards
  7 kobolds
  3 rats
54 creatures vanquished.

Notes
Turn   | Place    | Note
-------+----------+-------------------------------------------
     0 | D:1      | Shayle the Ogre Warper began the quest for the Orb.
     0 | D:1      | Reached XP level 1. HP: 22/22 MP: 3/3
    87 | D:1      | Identified Netsuplu's Tome of the Torrid Glacier
   214 | D:1      | Reached skill level 3 in Fighting
   353 | D:1      | Reached XP level 2. HP: 11/31 MP: 5/5
   784 | D:1      | Found a faded altar of an unknown god.
  1161 | D:1      | Reached XP level 3. HP: 8/37 MP: 6/6
  2865 | D:3      | Reached XP level 4. HP: 46/48 MP: 7/7
  2929 | D:3      | Reached skill level 4 in Fighting
  3395 | D:3      | Slain by a gnoll

Illustrated notes

Levels and vault maps discovered:
D:1:      dpeg_arrival_snail, layout_basic, ebering_ecumenical_altar_webs,
          st_stairs_4, chequers_hall_statues_y
D:2:      layout_loops_ring, serial_glass, glass_columns_b, glass_columns_b
D:3:      layout_basic, minmay_misc_feat_pillars

Skill      XL: |  1  2  3  4 |
---------------+-------------+-----
Fighting       | 3 4 |  4.1
Polearms       | 3 |  3.0
Dodging        | 3 |  3.0
Throwing       | |  1.0
Spellcasting   | |  2.4
Translocations | |  2.6

Action                   |  1- 3 |  4- 6 || total
-------------------------+-------+-------++-------
Melee: Spear             |   188 |    81 ||   269
Throw: Boomerang         |       |     1 ||     1
  Use: Potion            |       |     2 ||     2
Armor: Robe              |    56 |    21 ||    77
Dodge: Dodged            |   109 |    49 ||   158

Table legend: (Time is in decaauts)
 A = Elapsed time spent in this place.
 B = Non-inter-level travel time spent in this place.
 C = Inter-level travel time spent in this place.
 D = Time resting spent in this place.
 E = Time spent auto-exploring this place.
 F = Levels seen in this place.
 G = Mean time per level.
                   A        B        C        D        E       F      G
               +--------+--------+--------+--------+--------+-----+--------+
         Total |   3386 |   3318 |     68 |    446 |   2289 |   3 | 1128.7 |
       Dungeon |   3386 |   3318 |     68 |    446 |   2289 |   3 | 1128.7 |
               +--------+--------+--------+--------+--------+-----+--------+

Top non-repeatable levels by time:
     D:1: 1628 daAuts
     D:2: 1186 daAuts
     D:3: 571 daAuts
